 Dungeon Crawl Stone Soup version 0.27.1-33-g824d729ab1 (webtiles) character file.

Game seed: 6069646100106511647

235 Destapler the Skirmisher (level 5, 0/48 HPs)
             Began as a Minotaur Fighter on Dec 5, 2021.
             Slain by an ice beast (3 damage)
             ... on level 3 of the Dungeon.
             The game lasted 00:05:37 (2400 turns).

Destapler the Skirmisher (Minotaur Fighter)         Turns: 2400, Time: 00:05:38

Health: 0/48       AC:  9    Str: 21    XL:     5   Next: 76%
Magic:  4/4        EV:  7    Int:  5    God:
Gold:   170        SH: 11    Dex: 10    Spells: 4/4 levels left

rFire    . . .     SeeInvis .   a - +0 long sword
rCold    . . .     Faith    .   c - +1 kite shield
rNeg     . . .     Spirit   .   b - +0 scale mail
rPois    .         Reflect  .   (helmet restricted)
rElec    .         Harm     .   m - +0 cloak
rCorr    .         Rampage  .   k - +0 pair of gloves
Will     .....                  (no boots)
Stlth    ..........             (no amulet)
HPRegen  0.16/turn              (no ring)
MPRegen  0.09/turn              (no ring)

@: no status effects
A: horns 2, retaliatory headbutt
a: no special abilities


You were on level 3 of the Dungeon.
You visited 1 branch of the dungeon, and saw 3 of its levels.

You collected 170 gold pieces.

Inventory:

Hand Weapons
 a - a +0 long sword (weapon)
Missiles
 d - a throwing net
 f - 13 boomerangs (quivered)
 g - 8 atropa-tipped darts
 h - 22 poisoned darts
Armour
 b - a +0 scale mail (worn)
 c - a +1 kite shield (worn)
 k - a +0 pair of gloves (worn)
 m - a +0 cloak (worn)
Jewellery
 n - a +6 ring of intelligence
Scrolls
 e - a scroll of noise
 j - a scroll of teleportation
Potions
 l - a potion of heal wounds


   Skills:
 + Level 5.0 Fighting
 - Level 3.0 Long Blades
 + Level 2.2 Throwing
 + Level 4.9 Armour
 + Level 4.9 Shields
 + Level 0.2 Invocations


You had 4 spell levels left.
You didn't know any spells.
Your spell library contained the following spells:

 Spells                   Type           Power      Damage    Failure   Level
 Sublimation of Blood     Necr           0%         N/A       100%        2
 Wereblood                Tmut           0%         N/A       100%        2
 Summon Hydra             Summ           0%         N/A       100%        7


Dungeon Overview and Level Annotations

Branches:
Dungeon (3/15)

Altars:
Hepliaklqana
Trog


Innate Abilities, Weirdness & Mutations

You have a pair of horns on your head.
You reflexively headbutt those who attack you in melee.


Message History

You block the adder's attack.
The ice beast hits you but does no damage.
The adder bites you.
You slash the ice beast! Your headbutt misses the ice beast.
The ice beast is heavily wounded.
You block the ice beast's attack. You block the adder's attack.
The ice beast hits you. The ice beast freezes you.
You block the adder's attack. You block the adder's attack.
It was a potion of curing.
You feel better. You block the adder's attack.
The adder bites you but does no damage.
You slash the adder! You headbutt the adder.
You kill the adder!
You block the ice beast's attack.
You completely miss the ice beast. Your headbutt misses the ice beast.
The ice beast is heavily wounded.
The ice beast hits you but does no damage.
You closely miss the ice beast.
You headbutt the ice beast, but do no damage.
The ice beast is heavily wounded.
You block the ice beast's attack. x2
You hit the ice beast but do no damage.
The ice beast is heavily wounded.
The ice beast hits you. The ice beast freezes you!
* * * LOW HITPOINT WARNING * * *
You closely miss the ice beast.
The ice beast is heavily wounded.
You block the ice beast's attack.
The ice beast hits you but does no damage.
You closely miss the ice beast. You headbutt the ice beast!
The ice beast is almost dead.
The ice beast hits you but does no damage.
You barely miss the ice beast.
The ice beast is almost dead.
The ice beast hits you.
* * * LOW HITPOINT WARNING * * *
The ice beast freezes you!
* * * LOW HITPOINT WARNING * * *
The ice beast hits you.
You die...

...........#..#
#...###.
..............#.
#...>... #.).†.......
........ #.)#.#######
##.#.... #..#.....####
#.####. #..#..#.....#
#. ## #..#..#.###..#
#.### #
...##Y#...##..##...###
###.
#@##...##..#...... ##
#..#....##.#..<...
##.##....#.###.#.#
..##...#..#.....
#..###....##.#..
#...####.##.#..
##......##.#..
####.........
##########.#####.....


You could see an ice beast.

Vanquished Creatures
  Crazy Yiuf (D:2)
  Jessica (D:2)
  Natasha (twice) (D:2)
  7 adders
  A worm (D:3)
  2 dart slugs (D:2)
  2 orcs (D:3)
  3 endoplasms
  A giant cockroach (D:2)
  7 hobgoblins
  3 jackals (D:3)
  4 kobolds
  A quokka (D:2)
  4 ball pythons
  12 bats
  2 frilled lizards (D:3)
  5 goblins
  10 rats
68 creatures vanquished.

Vanquished Creatures (others)
  A bush (D:2)
  8 plants (D:2)
9 creatures vanquished.

Grand Total: 77 creatures vanquished

Notes
Turn   | Place    | Note
-------+----------+-------------------------------------------
     0 | D:1      | Destapler the Minotaur Fighter began the quest for the Orb.
     0 | D:1      | Reached XP level 1. HP: 19/19 MP: 0/0
   196 | D:1      | Reached XP level 2. HP: 27/27 MP: 1/1
   525 | D:2      | Noticed Natasha
   533 | D:2      | Killed Natasha
   534 | D:2      | Reached skill level 4 in Fighting
   534 | D:2      | Reached XP level 3. HP: 22/33 MP: 2/2
   680 | D:2      | Found a runed translucent door.
   681 | D:2      | Noticed Crazy Yiuf
   739 | D:2      | Reached skill level 1 in Throwing
   998 | D:2      | Reached XP level 4. HP: 41/41 MP: 3/3
  1076 | D:2      | Noticed Jessica
  1083 | D:2      | Killed Jessica
  1557 | D:2      | Reached XP level 5. HP: 41/47 MP: 4/4
  1615 | D:2      | Noticed Natasha
  1619 | D:2      | Killed Natasha
  1833 | D:2      | Killed Crazy Yiuf
  2103 | D:3      | Found a hazy altar of Hepliaklqana.
  2205 | D:3      | Reached skill level 5 in Fighting
  2262 | D:3      | Found a bloodstained altar of Trog.
  2379 | D:3      | Noticed an ice beast
  2400 | D:3      | Slain by an ice beast

Illustrated notes

Levels and vault maps discovered:
D:1:      dpeg_arrival_connections, layout_basic
D:2:      layout_loops_ring, serial_forest, infiniplex_forest_straight_4,
          infiniplex_forest_lined_4_way, infiniplex_forest_clump_diagonal,
          infiniplex_forest_corner_2, infiniplex_forest_split,
          infiniplex_forest_zigzag_2, minmay_strange_pillars,
          minmay_octomino_c4, uniq_jessica, uniq_crazy_yiuf_cottage,
          uniq_natasha
D:3:      minmay_evil_eye, layout_basic, old_standard_altar,
          mainiacjoe_overflow_paths

Skill      XL: |  1  2  3  4  5 |
---------------+----------------+-----
Fighting       | 4 5 |  5.0
Long Blades    | 3 |  3.0
Armour         | 4 |  4.9
Shields        | 4 |  4.9
Throwing       | 1 2 |  2.2
Invocations    | |  0.2

Action                   |  1- 3 |  4- 6 || total
-------------------------+-------+-------++-------
Melee: Long sword        |    64 |   104 ||   168
       Headbutt          |     9 |    11 ||    20
Throw: Boomerang         |     3 |       ||     3
  Use: Potion            |     2 |     2 ||     4
       Scroll            |       |     4 ||     4
Armor: Scale mail        |    43 |    51 ||    94
Dodge: Dodged            |    29 |    25 ||    54
Block: Kite shield       |    36 |    69 ||   105
       Rpst.: Long sword |     6 |    12 ||    18
